 Dungeon Crawl Stone Soup version 0.28.0-53-g5a82cb258f (webtiles) character file.

Game seed: 2649760262764507989

70 croobank the Skirmisher (level 4, 0/40 HPs)
             Began as a Minotaur Abyssal Knight on June 4, 2022.
             Was a Follower of Lugonu.
             Slain by an orc wizard
             ... wielding a +0 dagger
              (3 damage)
             ... on level 3 of the Dungeon.
             The game lasted 00:05:31 (2695 turns).

croobank the Skirmisher (Minotaur Abyssal Knight)   Turns: 2695, Time: 00:05:32

Health: 0/40       AC:  3    Str: 15 (17) XL:     4   Next: 3%
Magic:  4/4        EV: 11    Int:  8 (9)  God:    Lugonu [*.....]
Gold:   51         SH:  0    Dex: 10 (11) Spells: 1/3 levels left

rFire   . . .      SeeInvis .   a - +1 hand axe
rCold   . . .      Faith    .   (no shield)
rNeg    . . .      Spirit   .   b - +0 leather armour
rPois   .          Reflect  .   (helmet restricted)
rElec   .          Harm     .   (no cloak)
rCorr   .          Rampage  .   (no gloves)
Will    .....                   (no boots)
Stlth   ..........              (no amulet)
HPRegen 0.13/turn               (no ring)
MPRegen 0.09/turn               (no ring)

@: confused
A: horns 2, retaliatory headbutt
a: Renounce Religion, Depart the Abyss


You were on level 3 of the Dungeon.
You worshipped Lugonu.
Lugonu was aware of your devotion.
You visited 1 branch of the dungeon, and saw 3 of its levels.
You visited the Abyss 1 time.

You collected 51 gold pieces.

Inventory:

Hand Weapons
 a - a +1 hand axe (weapon)
 k - a +0 halberd
Missiles
 d - 43 arrows
 h - 33 stones
Armour
 b - a +0 leather armour (worn)
 g - a +0 ring mail
Magical Staves
 l - a staff of poison
Wands
 n - a wand of mindburst (17)
Scrolls
 e - a scroll of identify {unknown}
 f - a scroll of acquirement {unknown}
 m - a scroll of noise {unknown}
 o - a scroll of immolation {unknown}
 p - a scroll of summoning {unknown}


   Skills:
 + Level 4.1 Fighting
 + Level 3.1 Axes
 + Level 3.2 Armour
 + Level 2.1 Dodging
 + Level 2.4 Invocations


You had one spell level left.
You knew the following spells:

 Your Spells              Type           Power      Damage    Failure   Level
a - Foxfire               Conj/Fire      0%         2x1d4     47%         1
b - Freeze                Ice            0%         1d3       47%         1

Your spell library contained the following spells:

 Spells                   Type           Power      Damage    Failure   Level
 Summon Small Mammal      Summ           0%         N/A       47%         1
 Corpse Rot               Necr/Air       0%         N/A       63%         2
 Dispel Undead            Necr           0%         3d6       99%         4
 Death Channel            Necr           0%         N/A       100%        6


Dungeon Overview and Level Annotations

Branches:
Dungeon (3/15)

Altars:


Innate Abilities, Weirdness & Mutations

You have a pair of horns on your head.
You reflexively headbutt those who attack you in melee.


Message History

The orc hits you with a +0 short sword. Something hits you but does no damage.
You hear some strange, mumbled words.
A puff of flame appears from out of thin air!
The puff of flame hits you.
It was a potion of curing.
You feel better. The orc hits you but does no damage.
Something hits you but does no damage. Something hits you.
You hit something but do no damage. You hit the orc but do no damage.
You hit something. The orc hits you but does no damage.
You hear some strange, mumbled words.
Something tries to affect you, but you resist.
Something hits you.
You hit something but do no damage. x2; You barely miss the orc.
The orc hits you with a +0 short sword.
Something hits you but does no damage. x2
You closely miss something. You headbutt something. You barely miss the orc.
You miss something. The orc barely misses you.
You hear some strange, mumbled words.
A puff of flame appears from out of thin air!
The puff of flame hits you. Something hits you but does no damage.
You miss something. Your headbutt misses something.
You hit something but do no damage. You completely miss the orc.
The orc hits you with a +0 short sword.
* * * LOW HITPOINT WARNING * * *
Something hits you but does no damage. x2
You aren't carrying any potions.
As you read the scroll labelled ZYROESM VOACHA, it crumbles to dust.
It is a scroll of amnesia.
Really abort (and waste the scroll)?
Okay, then.
The orc closely misses you.
You hear some strange, mumbled words.
You are confused.
Something hits you.
* * * LOW HITPOINT WARNING * * *
You are too confused!
You are too injured to fight recklessly!
You bump into the crystal wall.
The orc barely misses you. Something hits you.
* * * LOW HITPOINT WARNING * * *
Something hits you.
You die...

#.⌠.###...# #. ##
#.#.#....# #.. #.#
#.#.#...## #..
⌠.###.♣.#...##### ...
#.#.#.#..#...... .o#
##.####....###.#
#o##.⌠.##.##.......
##.###{##.##.# #.#####.
#....{@o.#.............
##.#####.....###.######
##...## #.# ##### #.#


You could see 3 orcs.

Vanquished Creatures
  A worm (D:2)
  2 dart slugs
  2 ball pythons
  5 bats
  5 endoplasms
  4 giant cockroaches
  7 goblins (D:1)
  4 hobgoblins
  12 jackals
  4 kobolds
  A frilled lizard (D:3)
  6 rats
53 creatures vanquished.

Vanquished Creatures (others)
  2 foxfires (D:2)
2 creatures vanquished.

Grand Total: 55 creatures vanquished

Notes
Turn   | Place    | Note
-------+----------+-------------------------------------------
     0 | Abyss:1  | croobank the Minotaur Abyssal Knight began the quest for
                  | the Orb.
     0 | Abyss:1  | Reached XP level 1. HP: 19/19 MP: 1/1
    68 | Abyss:1  | Noticed a centaur warrior skeleton
    72 | D:1      | Escaped the Abyss
   369 | D:1      | Reached * piety under Lugonu
   403 | D:1      | Reached XP level 2. HP: 27/27 MP: 2/2
   514 | D:1      | Found a faded altar of an unknown god.
   760 | D:1      | Reached XP level 3. HP: 26/33 MP: 3/3
   967 | D:1      | Reached skill level 4 in Fighting
  1689 | D:2      | Got An Introduction to Witchcraft
  1692 | D:2      | Learned a level 1 spell: Foxfire
  2561 | D:3      | Learned a level 1 spell: Freeze
  2666 | D:3      | Reached XP level 4. HP: 40/40 MP: 4/4
  2695 | D:3      | Slain by an orc wizard

Illustrated notes

Levels and vault maps discovered:
D:1:      dpeg_arrival_rhombus, layout_basic, chequers_ecumenical_altar_simple
D:2:      layout_loops_corners, minmay_bisected
D:3:      layout_loops_ring, lemuel_crystal_altar,
          gammafunk_temple_overflow_statue, grunt_decor_mini_mirrors,
          supply_closet_lemuel, minmay_misc_feat_secret_circle,
          minmay_misc_feat_hallway, uniq_pargi

Skill      XL: |  1  2  3 |
---------------+----------+-----
Invocations    | 2 |  2.4
Fighting       | 4 |  4.1
Axes           | 3 |  3.1
Armour         | 3 |  3.2
Dodging        | 2 |  2.1

Action                   |  1- 3 |  4- 6 || total
-------------------------+-------+-------++-------
Melee: Hand axe          |    72 |     8 ||    80
       Headbutt          |    12 |     2 ||    14
       Halberd           |    41 |     1 ||    42
 Cast: Foxfire           |     1 |       ||     1
Invok: Depart the Abyss  |     1 |       ||     1
  Use: Potion            |       |     3 ||     3
       Scroll            |       |     1 ||     1
Armor: Leather armour    |    28 |    12 ||    40
Dodge: Dodged            |    67 |     7 ||    74
